 Dungeon Crawl Stone Soup version 0.25.1-2-g60ff931df9 (webtiles) character file.

Game seed: 14716416469932698012

36 Descartes the Slasher (level 3, 0/43 HPs)
             Began as a Formicid Chaos Knight on Aug 13, 2020.
             Was a Plaything of Xom.
             Succumbed to an adder's poison
             ... on level 1 of the Dungeon.
             The game lasted 00:02:53 (1002 turns).

Descartes the Slasher (Formicid Chaos Knight)       Turns: 1002, Time: 00:02:54

Health: 0/43       AC: 21    Str: 16    XL:     3   Next: 57%
Magic:  3/3        EV:  2    Int: 17    God:    Xom [.....*]
Gold:   47         SH:  0    Dex: 11    Spells: 2/2 levels left

rFire    . . .     SeeInvis .   a - +0 falchion (chaos)
rCold    . . .     Gourm    .   (no shield)
rNeg     + + +     Faith    .   (armour currently unavailable)
rPois    +         Spirit   .   (helmet unavailable)
rElec    .         Reflect  .   (cloak currently unavailable)
rCorr    .         Harm     .   (gloves currently unavailable)
MR       .....                  (boots currently unavailable)
Stlth    +.........             (no amulet)
HPRegen  0.14/turn              (no ring)
MPRegen  0.08/turn              i - +6 ring of intelligence

@: lethally poisoned (0 -> -2), tree-form (expiring)
A: permanent stasis, dig shafts and tunnels, four strong arms
a: Renounce Religion


You were on level 1 of the Dungeon.
You worshipped Xom.
You were Xom's teddy bear.
You were not hungry.
You were a tree.
You visited 1 branch of the dungeon, and saw 2 of its levels.

You collected 47 gold pieces.

Inventory:

Hand Weapons
 a - a +0 falchion of chaos (weapon)
Missiles
 j - 19 bolts
 k - 29 stones (quivered)
 o - 30 arrows
Armour
 b - a +2 leather armour
 l - a +0 chain mail (melded)
Jewellery
 i - a +6 ring of intelligence (right branch)
 p - an uncursed ring of fire {unknown}
Scrolls
 d - 3 scrolls of identify
 n - a scroll of remove curse
Potions
 e - 3 potions of lignification
 f - a potion of magic
Comestibles
 c - a ration


   Skills:
 - Level 3.2 Fighting
 + Level 3.7 Long Blades
 + Level 3.2 Armour
 - Level 0.8 Dodging


You had 2 spell levels left.
You didn't know any spells.
Your spell library was empty.

Dungeon Overview and Level Annotations

Branches:
Dungeon (2/15)

Altars:
Xom


Innate Abilities, Weirdness & Mutations

You cannot be hasted, slowed, berserked, paralysed or teleported.
You can dig through walls and to a lower floor.
Your four strong arms can wield two-handed weapons with a shield.
((You have a pair of large antennae on your head. (SInv)))


Message History

You feel sick.
It was a potion of lignification.
You turn into a tree.
Your +0 chain mail melds into your body.
Your roots penetrate the ground.
It was a potion of flight.
Your roots keep you in place.
* * * LOW HITPOINT WARNING * * *
You feel sick.
It was a potion of haste.
Your stasis prevents you from being hasted.
* * * LOW HITPOINT WARNING * * *
You feel sick.
* * * LOW HITPOINT WARNING * * *
You feel sick.
* * * LOW HITPOINT WARNING * * *
You feel sick.
* * * LOW HITPOINT WARNING * * *
You feel sick.
Your transformation is almost over.
You die...
Xom bursts into laughter!

.)........#......................
..........##.....................
..........##.....................
..........##.............###...#.
##############...........###...#.
.....####### #...........##....##
...........###....#####........##
...........#...................##
...........#....♣..............##
####.......#.............##....##
.............#....##.....##....##
.............#....#..............
.............#....#..............
.................................
...............=.................
.................................
.............................##.#


There were no monsters in sight!

Vanquished Creatures
  An adder (D:1)
  A dart slug (D:1)
  4 bats (D:1)
  2 giant cockroaches (D:1)
  3 goblins (D:1)
  3 hobgoblins (D:1)
  2 jackals (D:2)
  A frilled lizard (D:1)
  3 kobolds (D:1)
  4 rats (D:1)
24 creatures vanquished.

Notes
Turn   | Place    | Note
-------+----------+-------------------------------------------
     0 | D:1      | Descartes the Formicid Chaos Knight began the quest for the
                  | Orb.
     0 | D:1      | Reached XP level 1. HP: 18/18 MP: 1/1
   150 | D:1      | Reached XP level 2. HP: 20/24 MP: 2/2
   445 | D:1      | XOM: divination: detect creatures
   649 | D:1      | Reached XP level 3. HP: 29/29 MP: 3/3
   840 | D:1      | XOM: scenery: create altars
   973 | D:2      | XOM: noise
   994 | D:1      | HP: 2/43 [poisoned by an adder]
  1002 | D:1      | Succumbed to an adder's poison

Illustrated notes

Levels and vault maps discovered:
D:1:      scummos_arrival_simple_fountains, layout_basic
D:2:      layout_loops_ring, chequers_ecumenical_altar_simple

Skill      XL: |  1  2 |
---------------+-------+-----
Armour         | 3 |  3.2
Fighting       | |  3.2
Long Blades    | |  3.7
Dodging        | |  0.8

Action                   || total
-------------------------++-------
Melee: Falchion          ||    67
  Use: Scroll            ||     2
       Potion            ||     3
 Stab: Petrified         ||     1
Armor: Chain mail        ||    33
       Leather armour    ||     2
Dodge: Dodged            ||    38
       Rpst.: Falchion   ||    13
